 Dungeon Crawl Stone Soup version 0.28.0-53-g5a82cb258f (webtiles) character file.

Game seed: 1547812333603017758

174412 Nimbul the Unseen (level 18, 0/96 HPs)
             Began as a Vine Stalker Enchanter on May 31, 2022.
             Was a High Priest of Wu Jian.
             Slain by a +5 vorpal morningstar (1 damage)
             ... on level 2 of the Elven Halls on June 2, 2022.
             The game lasted 05:27:38 (29160 turns).

Nimbul the Unseen (Vine Stalker Enchanter)         Turns: 29160, Time: 05:27:38

Health: 0/96       AC: 14    Str:  9    XL:     18   Next: 7%
Magic:  0/37       EV: 25    Int: 18    God:    Wu Jian [*****.]
Gold:   314        SH: 11    Dex: 39    Spells: 18/45 levels left

rFire   + + .      SeeInvis +   c - +4 short sword of Virtue {freeze, rF+ Will+ Str-4 Dex+3}
rCold   + . .      Faith    .   i - +2 buckler {reflect}
rNeg    + . .      Spirit   +   r - +5 leather armour "Ziahuk" {rElec rC+ Str+4 Dex+4}
rPois   .          Reflect  +   M - +0 hat of Valiance {Str-2 Int+3 SInv}
rElec   +          Harm     .   b - +1 cloak {rC+}
rCorr   +          Rampage  .   P - +0 pair of gloves
Will    ++++.                   k - +2 pair of boots
Stlth   ++++++++..              d - amulet of Hodustrets {rN+ Regen+ Dex+3}
HPRegen 1.86/turn               p - ring "Viogut" {Fire Will+ rCorr}
MPRegen 0.25/turn               B - +6 ring of dexterity

@: no status effects
A: fangs 3, regeneration 1, magic shield, antimagic bite, no potion heal 2
a: Renounce Religion, Wall Jump, Serpent's Lash, Heavenly Storm


You were on level 2 of the Elven Halls.
You worshipped Wu Jian.
Wu Jian was extremely pleased with you.
You visited 5 branches of the dungeon, and saw 26 of its levels.
You visited the Abyss 1 time.
You also visited: Ice Cave.

You collected 2442 gold pieces.
You spent 2128 gold pieces at shops.

Inventory:

Hand Weapons
 c - the +4 short sword of Virtue (weapon) {freeze, rF+ Will+ Str-4 Dex+3}
   (You bought it in a shop on level 2 of the Orcish Mines)

   It freezes those it strikes, dealing additional cold damage.
   It can also slow down cold-blooded creatures.
   Str:       It affects your strength (-4).
   Dex:       It affects your dexterity (+3).
   rF:        It protects you from fire.
   Will:      It increases your willpower.
 s - a +6 dagger of speed
 v - a +1 vampiric short sword
Missiles
 x - a throwing net
 y - 87 poisoned darts (quivered)
 C - 9 curare-tipped darts
 D - 9 datura-tipped darts
 J - 8 javelins
Armour
 b - a +1 cloak of cold resistance (worn)
 i - a +2 buckler of reflection (worn)
 k - a +2 pair of boots (worn)
 r - the +5 leather armour "Ziahuk" (worn) {rElec rC+ Str+4 Dex+4}
   (You found it on level 5 of the Dungeon)

   Str:       It affects your strength (+4).
   Dex:       It affects your dexterity (+4).
   rC:        It protects you from cold.
   rElec:     It insulates you from electricity.
 M - the +0 hat of Valiance (worn) {Str-2 Int+3 SInv}
   (You found it on level 9 of the Dungeon)

   Str:       It affects your strength (-2).
   Int:       It affects your intelligence (+3).
   SInv:      It lets you see invisible.
 P - a +0 pair of gloves (worn)
Jewellery
 d - the amulet of Hodustrets (around neck) {rN+ Regen+ Dex+3}
   (You acquired it on level 1 of the Elven Halls)

   [amulet of regeneration]

   Dex:       It affects your dexterity (+3).
   rN:        It protects you from negative energy.
   Regen:     It increases your rate of health regeneration.
 p - the ring "Viogut" (left hand) {Fire Will+ rCorr}
   (You found it on level 13 of the Dungeon)

   [ring of fire]

   It enhances your fire magic.
   rF:        It protects you from fire.
   rC:        It makes you vulnerable to cold.
   rCorr:     It protects you from acid and corrosion.
   Will:      It increases your willpower.
 q - an amulet of faith
 B - a +6 ring of dexterity (right hand)
Wands
 m - a wand of iceblast (4)
 t - a wand of flame (7)
 A - a wand of acid (9)
 H - a wand of digging (7)
 O - a wand of paralysis (16)
 Q - a wand of mindburst (16)
 V - a wand of polymorph (5)
Scrolls
 h - 2 scrolls of amnesia
 n - 7 scrolls of teleportation
 E - a scroll of fog
 L - 5 scrolls of blinking
 N - 6 scrolls of magic mapping
 U - 2 scrolls of silence
Potions
 a - 14 potions of curing
 e - 6 potions of might
 f - 3 potions of invisibility
 g - 3 potions of cancellation
 j - a potion of attraction
 o - 5 potions of brilliance
 u - 3 potions of flight
 w - 4 potions of lignification
 z - 5 potions of magic
 F - 6 potions of haste
 K - a potion of berserk rage
 S - 4 potions of ambrosia
 W - 4 potions of resistance
Miscellaneous
 l - a phial of floods


   Skills:
 - Level 11.2 Fighting
 - Level 11.0 Short Blades
 - Level 4.1 Throwing
 - Level 10.2 Dodging
 - Level 16.6 Stealth
 + Level 6.1 Shields
 * Level 14.2 Spellcasting
 * Level 14.4 Hexes
 - Level 2.0 Summonings
 - Level 2.0 Translocations
 - Level 5.0 Evocations


You had 18 spell levels left.
You knew the following spells:

 Your Spells              Type           Power      Damage    Failure   Level
b - Blink                 Tloc           40%        N/A       6%          2
d - Dazzling Flash        Conj/Hex       76%        N/A       1%          3
h - Ensorcelled Hibernat  Hex/Ice        76%        N/A       1%          2
n - Tukima's Dance        Hex            59%        N/A       1%          3
p - Fulminant Prism       Conj/Hex       19%        3d11      4%          4
t - Confusing Touch       Hex            59%        N/A       1%          3
v - Summon Mana Viper     Hex/Summ       42%        N/A       9%          5
E - Metabolic Englaciati  Hex/Ice        19%        N/A       13%         5

Your spell library contained the following spells:

 Spells                   Type           Power      Damage    Failure   Level
 Cause Fear               Hex            29%        N/A       1%          4
 Anguish                  Hex/Necr       19%        N/A       4%          4
 Animate Skeleton         Necr           24%        N/A       10%         1
 Beastly Appendage        Tmut           24%        N/A       10%         1
 Freeze                   Ice            48%        1d7       10%         1
 Magic Dart               Conj           48%        1d5       10%         1
 Pain                     Necr           48%        1d6       10%         1
 Lesser Beckoning         Tloc           20%        N/A       12%         3
 Searing Ray              Conj           24%        2d5       14%         2
 Static Discharge         Conj/Air       12%        N/A       14%         2
 Wereblood                Tmut           12%        N/A       14%         2
 Conjure Flame            Conj/Fire      19%        6-21      28%         3
 Spider Form              Tmut/Pois      12%        N/A       28%         3
 Vampiric Draining        Necr           12%        2d6       28%         3
 Summon Ice Beast         Ice/Summ       16%        N/A       52%         4
 Animate Dead             Necr           6%         N/A       67%         4
 Dispel Undead            Necr           12%        3d9       67%         4
 Ice Form                 Ice/Tmut       12%        N/A       67%         4
 Olgreb's Toxic Radiance  Pois           12%        N/A       67%         4
 Sticky Flame             Conj/Fire      19%        2d4       67%         4
 Manifold Assault         Tloc           20%        N/A       75%         5
 Borgnjor's Vile Clutch   Necr/Erth      6%         N/A       95%         5
 Freezing Cloud           Conj/Ice/Air   6%         6-21      95%         5
 Iskenderun's Battlesphe  Conj           12%        2d7       95%         5
 Death Channel            Necr           6%         N/A       100%        6
 Iron Shot                Conj/Erth      6%         9d2       100%        6
 Dragon Form              Tmut           6%         N/A       100%        7
 Haunt                    Necr/Summ      8%         N/A       100%        7
 Monstrous Menagerie      Summ           10%        N/A       100%        7
 Ozocubu's Refrigeration  Ice            6%         4d6       100%        7
 Spellforged Servitor     Conj/Summ      8%         N/A       100%        7
 Ignition                 Fire           9%         3d5       100%        8
 Infestation              Necr           6%         N/A       100%        8
 Dragon's Call            Summ           10%        N/A       100%        9
 Fire Storm               Conj/Fire      9%         8d3       100%        9


Dungeon Overview and Level Annotations

Branches:
Dungeon (15/15)            Temple (1/1) D:6            Lair (6/6) D:8
 Shoals (0/4) Lair:2       Spider (0/4) Lair:3        Slime (0/5) Lair:6
    Orc (2/2) D:12            Elf (2/3) Orc:2        Vaults (0/5) D:13
 Depths (0/4) D:15          IceCv (visited)

Altars:
Ashenzari
Cheibriados
Dithmenos
Elyvilon
Fedhas
Gozag
Hepliaklqana
Kikubaaqudgha
Makhleb
Nemelex Xobeh
Okawaru
Qazlal
Ru
Sif Muna
Trog
Uskayaw
Vehumet
Wu Jian
Xom
Yredelemnul
Zin
The Shining One
Beogh

Shops:
D:3 *   D:10 *   D:12 (   D:15 (   Orc:2 ([(:[   Elf:1 [?

Annotations:
D:7 area bhind tree


Innate Abilities, Weirdness & Mutations

You have razor-sharp teeth.
Your natural rate of healing is unusually fast.
When hurt, damage is shared between your health and your magic reserves.
Your bite disrupts and absorbs the magic of your enemies.
Potions cannot restore your health.


Message History

The deep elf zephyrmancer's magic is no longer disrupted.
You block the deep elf zephyrmancer's attack.
Unknown command.
Aiming: Wall Jump
Press: ? - help, Dir - move target You repeatedly attack the +5 vorpal morningstar from above.
You hit the +5 vorpal morningstar but do no damage.
The +5 vorpal morningstar is heavily damaged.
You hit the +5 vorpal morningstar.
Your bite misses the +5 vorpal morningstar.
The +5 vorpal morningstar is severely damaged.
You hit the +5 vorpal morningstar but do no damage.
The +5 vorpal morningstar is severely damaged.
You feel less exhausted.
You block the +5 vorpal morningstar's attack. x2
The deep elf zephyrmancer barely misses you.
The +5 vorpal morningstar hits you.
* * * LOW HITPOINT WARNING * * *
x2 A +0 trident comes into view.
Unknown command.
Aiming: Wall Jump
Press: ? - help, Dir - move target You repeatedly attack the +5 vorpal morningstar from above.
You miss the +5 vorpal morningstar.
Your bite misses the +5 vorpal morningstar.
The +5 vorpal morningstar is severely damaged.
You hit the +5 vorpal morningstar but do no damage.
You bite the +5 vorpal morningstar, but do no damage.
The +5 vorpal morningstar is severely damaged.
You hit the +5 vorpal morningstar but do no damage.
The +5 vorpal morningstar is severely damaged.
The +5 vorpal morningstar hits you!
* * * LOW HITPOINT WARNING * * *
x2 The +5 vorpal morningstar hits you!
* * * LOW HITPOINT WARNING * * *
x2 A +0 trident comes into view.
The deep elf zephyrmancer hits you but does no damage.
The +5 vorpal morningstar hits you!
* * * LOW HITPOINT WARNING * * *
You die...

..Y ... ## ... #### .##
... ##... (. ### #'#
#..# #. ###.####.#
#####.# ###.##○○...#'#
......#####.#..e@○..)..#
..)..)...))....(○○.....#
......#####.#..........#
#####.# ####°°[......#
#..# #.........# ##...
.(#'..<..'## ####
.#..###.###.# #.# ### #.
'# #'


You could see a deep elf zephyrmancer and 2 dancing weapons.

Vanquished Creatures
  A shard shrike (IceCv)
  An Executioner (Abyss:3)
  2 tentacled starspawn (Abyss:3)
  Kirke (Elf:1)
  Donald (Orc:2)
  Aizul (Elf:1)
  An orc warlord (Orc:1)
  A deep elf demonologist (Elf:1)
  Nessos (D:12)
  A deep elf annihilator (Elf:1)
  A red draconian (Abyss:3)
  A white draconian (IceCv)
  The ghost of gnacko the Severer, a journeyman HOFi of Okawaru (Lair:3)
  Snorg (Orc:2)
  Josephine (D:14)
  An ettin (Orc:1)
  A fire dragon (D:14)
  2 eidola (Abyss:3)
  11 hydras
  Erolcha (D:13)
  An ironbound frostheart (IceCv)
  A vault guard (D:13)
  4 boulder beetles
  4 ogre magi (Orc:2)
  4 catoblepae (Lair:6)
  5 centaur warriors
  19 death yaks
  24 two-headed ogres
  A tengu warrior (D:13)
  An orc high priest (Elf:1)
  14 dancing weapons
  Urug (D:12)
  12 deep elf knights
  A wretched star (Abyss:3)
  A nameless horror (D:14)
  A flayed ghost (D:15)
  2 skeletal warriors (D:15)
  2 large abominations (Abyss:3)
  12 deep elf archers
  A harpy (shapeshifter) (D:13)
  A necromancer (D:15)
  Pikel (D:6)
  4 wizards (D:13)
  22 deep elf pyromancers
  17 deep elf zephyrmancers
  An orange crystal statue (IceCv)
  An oklob plant (Lair:5)
  2 orc sorcerers (Orc:1)
  A fire giant zombie (D:15)
  23 ugly things
  5 cyclopes
  5 manticores
  2 rust devils (Abyss:3)
  A sphinx skeleton (D:15)
  6 black mambas
  Joseph (D:7)
  6 elephants (Lair:4)
  2 guardian serpents (shapeshifter)
  2 gargoyles (D:13)
  2 spriggan zombies (D:15)
  3 torpor snails
  12 cane toads
  A freezing wraith (D:14)
  A hellion (Abyss:3)
  A tormentor (Abyss:3)
  18 rime drakes
  An unseen horror (D:12)
  Maggie (D:6)
  A kobold demonologist (D:9)
  An ancient zyme (Abyss:3)
  5 komodo dragons
  3 tengu conjurers
  A queen bee (D:15)
  14 polar bears (IceCv)
  3 meliai (D:15)
  4 trolls
  A hornet (D:8)
  Prince Ribbit (D:7)
  15 slime creatures
  4 dream sheep (Lair:4)
  5 blink frogs (Lair:6)
  4 raiju
  A jumping spider (Lair:3)
  3 air elementals
  A ynoxinul (Abyss:3)
  3 hogs (Elf:1)
  2 shadows
  7 wraiths
  2 water elementals
  3 wyverns
  18 humans (D:13)
  46 yaks
  2 fire elementals
  Menkaure (D:6)
  4 steam dragons
  11 vampire mosquitoes
  9 wargs
  An acid dragon (D:9)
  17 water moccasins
  4 small abominations (Abyss:3)
  An ice beast (D:5)
  20 orc warriors
  28 ogres
  12 wolves
  3 boggarts (D:15)
  4 lemures (D:6)
  12 centaurs
  23 kobold brigands
  A wyvern zombie (D:7)
  18 bullfrogs
  3 earth elementals
  A gnoll sergeant (D:5)
  3 scorpions
  A wyvern skeleton (D:5)
  A jelly (D:6)
  29 killer bees
  13 wights
  3 electric eels (D:6)
  8 howler monkeys
  2 centaur zombies
  2 centaur skeletons
  A gnoll shaman (D:7)
  3 hounds
  14 orc priests
  A bullfrog skeleton (D:5)
  4 iguanas
  24 orc wizards
  A hell rat (Lair:3)
  A hound skeleton (D:5)
  9 adders
  8 gnolls
  A shadow imp (D:7)
  A white imp (D:7)
  2 ufetubi
  A worm (D:2)
  4 dart slugs
  83 orcs
  13 endoplasms
  5 giant cockroaches
  6 hobgoblins
  5 jackals (D:1)
  3 quokkas
  12 ball pythons
  4 bats
  2 frilled lizards (D:1)
  5 goblins
  30 kobolds
  5 rats
  A starspawn tentacle (Abyss:3)
920 creatures vanquished.

Vanquished Creatures (collateral kills)
  A dancing weapon (Elf:2)
  2 deep elf knights (Elf:2)
  A deep elf zephyrmancer (Elf:2)
  A yak (D:9)
5 creatures vanquished.

Vanquished Creatures (others)
  A hydra (D:13)
  A deep elf knight (Elf:1)
  A human (D:13)
  2 dancing weapons
  An orc warrior (Elf:1)
  A centaur (D:15)
  An orc wizard (D:8)
  An orc (Elf:1)
  A kobold (D:11)
  A bush (Elf:1)
  35 fungi
  43 plants
  A starspawn tentacle (Abyss:3)
  3 withered plants (D:15)
93 creatures vanquished.

Grand Total: 1018 creatures vanquished

Notes
Turn   | Place    | Note
-------+----------+-------------------------------------------
     0 | D:1      | Nimbul the Vine Stalker Enchanter began the quest for the
                  | Orb.
     0 | D:1      | Reached XP level 1. HP: 9/9 MP: 4/4
    74 | D:1      | Reached skill level 1 in Short Blades
    79 | D:1      | Reached XP level 2. HP: 4/13 MP: 6/6
    93 | D:1      | Learned a level 2 spell: Ensorcelled Hibernation
   558 | D:1      | Found a faded altar of an unknown god.
   558 | D:1      | Noticed a sixfirhy
  1161 | D:1      | Reached XP level 3. HP: 17/17 MP: 5/7
  1215 | D:1      | Reached skill level 1 in Fighting
  1828 | D:1      | Learned a level 3 spell: Confusing Touch
  2223 | D:2      | Reached skill level 4 in Stealth
  2574 | D:2      | Gained mutation: Your natural rate of healing is unusually
                  | fast. [Vine Stalker growth]
  2574 | D:2      | Reached XP level 4. HP: 22/22 MP: 8/8
  3100 | D:3      | Found Juasan's Assorted Antiques.
  3106 | D:3      | Reached XP level 5. HP: 26/26 MP: 9/9
  3110 | D:3      | Bought a potion of might for 84 gold pieces
  3110 | D:3      | Bought 2 scrolls labelled WAUHAV QUDUTS for 42 gold pieces
  3511 | D:3      | Learned a level 3 spell: Tukima's Dance
  3582 | D:4      | Noticed a necrophage
  3995 | D:4      | Reached XP level 6. HP: 31/32 MP: 5/10
  4363 | D:5      | Entered Level 5 of the Dungeon
  4379 | D:5      | Identified the +5 leather armour "Ziahuk" {rElec rC+ Str+4
                  | Dex+4}
  4474 | D:5      | Reached skill level 5 in Stealth
  4513 | D:5      | Reached XP level 7. HP: 15/36 MP: 2/12
  4519 | D:5      | Learned a level 3 spell: Dazzling Flash
  4967 | D:5      | Gained mutation: You have razor-sharp teeth. [Vine Stalker
                  | growth]
  4967 | D:5      | Reached XP level 8. HP: 36/42 MP: 14/14
  5082 | D:6      | Reached skill level 6 in Stealth
  5208 | D:6      | Noticed Pikel
  5294 | D:6      | Noticed Maggie
  5466 | D:6      | Found a staircase to the Ecumenical Temple.
  5478 | Temple   | Entered the Ecumenical Temple
  5521 | Temple   | Became a worshipper of the Wu Jian Council
  5830 | D:6      | Killed Pikel
  5831 | D:6      | Reached skill level 5 in Hexes
  5831 | D:6      | Reached XP level 9. HP: 45/46 MP: 16/16
  6093 | D:6      | Reached skill level 7 in Stealth
  6292 | D:6      | Reached skill level 5 in Spellcasting
  6348 | D:6      | Killed Maggie
  6349 | D:6      | Reached skill level 5 in Fighting
  6377 | D:6      | Noticed Menkaure
  6384 | D:6      | Killed Menkaure
  6707 | D:7      | Noticed a two-headed ogre
  6726 | D:6      | Killed a two-headed ogre
  6727 | D:6      | Reached skill level 5 in Short Blades
  6727 | D:6      | Reached skill level 8 in Stealth
  6860 | D:7      | Reached XP level 10. HP: 52/52 MP: 19/19
  6861 | D:7      | Noticed Prince Ribbit
  6881 | D:7      | Reached skill level 5 in Dodging
  6946 | D:7      | Reached * piety under Wu Jian
  6958 | D:7      | Noticed Joseph
  6975 | D:7      | Killed Joseph
  7000 | D:7      | Killed Prince Ribbit
  7312 | D:7      | Reached skill level 1 in Evocations
  7369 | D:7      | Identified the +7 war axe of Resourcefulness {spect, Will-
                  | Dex+6}
  7369 | D:7      | Noticed a skeletal warrior
  7398 | D:7      | Noticed a deep elf pyromancer
  8023 | D:8      | Reached ** piety under Wu Jian
  8158 | D:8      | Found a staircase to the Lair.
  8179 | D:8      | Reached skill level 9 in Stealth
  8322 | D:8      | Noticed a boulder beetle
  8325 | D:8      | Killed a boulder beetle
  8326 | D:8      | Reached skill level 1 in Throwing
  8326 | D:8      | Reached XP level 11. HP: 58/58 MP: 21/21
  8339 | D:8      | Noticed a two-headed ogre
  8342 | D:8      | Killed a two-headed ogre
  8892 | D:9      | Found a hazy altar of Hepliaklqana.
  8919 | D:9      | Noticed a white ugly thing
  9023 | D:9      | Reached skill level 10 in Stealth
  9104 | D:9      | Identified the +0 hat of Valiance {Str-2 Int+3 SInv}
  9197 | D:9      | Got the Collected Works on Attacks
  9242 | D:9      | Noticed a two-headed ogre
  9276 | D:8      | Killed a two-headed ogre
  9327 | D:9      | Reached *** piety under Wu Jian
 10118 | Lair:1   | Entered Level 1 of the Lair of Beasts
 10121 | Lair:1   | Reached skill level 11 in Stealth
 10193 | Lair:1   | Reached **** piety under Wu Jian
 10256 | Lair:1   | Reached XP level 12. HP: 48/63 MP: 20/24
 11419 | Lair:2   | Found a staircase to the Shoals.
 11785 | Lair:3   | Noticed a seven-headed hydra
 11880 | Lair:3   | Found a runed translucent door.
 11937 | Lair:3   | Noticed a death yak
 11938 | Lair:3   | Noticed a death yak
 11984 | Lair:3   | Noticed gnacko's ghost (journeyman HOFi)
 12057 | Lair:3   | Reached skill level 12 in Stealth
 12101 | Lair:3   | Noticed an eight-headed hydra
 12108 | Lair:3   | Killed an eight-headed hydra
 12226 | Lair:3   | Found a hole to the Spider Nest.
 12346 | Lair:3   | Killed a seven-headed hydra
 12772 | Lair:3   | Killed a death yak
 12787 | Lair:3   | Reached XP level 13. HP: 43/68 MP: 26/26
 13008 | Lair:3   | Killed gnacko's ghost
 13324 | Lair:4   | Reached skill level 13 in Stealth
 13358 | Lair:4   | Learned a level 5 spell: Summon Mana Viper
 15006 | Lair:6   | Entered Level 6 of the Lair of Beasts
 15049 | Lair:6   | Found a staircase to the Slime Pits.
 15127 | Lair:6   | Reached skill level 14 in Stealth
 15276 | Lair:6   | Reached XP level 14. HP: 75/75 MP: 27/27
 15323 | Lair:6   | Reached ***** piety under Wu Jian
 16153 | Lair:6   | Reached skill level 10 in Fighting
 16442 | Lair:6   | Reached skill level 10 in Short Blades
 16442 | Lair:6   | Reached skill level 15 in Stealth
 16857 | D:10     | Entered Level 10 of the Dungeon
 18204 | D:10     | Found Coffyeza's Assorted Antiques.
 18586 | D:11     | Identified the +8 falchion "Foas" {vorpal, Will+ Dex+7}
 19220 | D:10     | Bought a potion of invisibility for 192 gold pieces
 19220 | D:10     | Bought a dented soapstone amulet for 120 gold pieces
 19220 | D:10     | Bought a scroll labelled BOEWNILOUPS for 24 gold pieces
 19220 | D:10     | Bought a scroll of teleportation for 72 gold pieces
 19220 | D:10     | Bought a potion of haste for 240 gold pieces
 19272 | D:12     | Found a staircase to the Orcish Mines.
 19282 | D:12     | Noticed Urug
 19283 | D:12     | Killed Urug
 19358 | D:12     | Found Nomieles's Weapon Boutique.
 19359 | D:12     | You fall into a shaft and drop 2 floors!
 19374 | D:13     | Noticed Erolcha
 19375 | D:13     | Killed Erolcha
 19376 | D:13     | Reached skill level 5 in Evocations
 19376 | D:13     | Reached XP level 15. HP: 81/81 MP: 28/28
 19830 | D:12     | Noticed Nessos
 19837 | D:12     | Killed Nessos
 20077 | D:13     | Identified the +1 plate armour "Jeosu" {Harm *Slow Int+9
                  | Slay+2}
 20232 | D:13     | Identified the +8 war axe of Uncertain Death {vorpal,
                  | *Noise rCorr Dex+5 SInv}
 20291 | D:13     | Learned a level 2 spell: Blink
 20555 | D:13     | Reached skill level 10 in Dodging
 20560 | D:13     | Reached skill level 16 in Stealth
 20560 | D:13     | Reached skill level 1 in Translocations
 20562 | D:13     | Identified the ring of Daisies {rF+ Dex+3}
 20578 | D:13     | Got the Almanac of the Glacier
 20585 | D:13     | Learned a level 5 spell: Metabolic Englaciation
 20598 | D:13     | Identified the ring "Viogut" {Fire Will+ rCorr}
 20611 | D:13     | Identified the ring of Fesyf {Fire Will- rCorr Int+3}
 20636 | D:13     | Identified the ring "Nuec" {rF- Will+ rCorr Slay+4}
 20772 | D:13     | Reached ****** piety under Wu Jian
 20960 | D:13     | Found a gate to the Vaults.
 21864 | D:14     | Noticed Josephine
 21996 | D:14     | Reached skill level 1 in Shields
 22167 | D:14     | Killed Josephine
 22213 | D:14     | Found a large runed translucent door.
 22213 | D:14     | Found a large runed translucent door.
 22595 | D:15     | Entered Level 15 of the Dungeon
 22705 | D:15     | Reached XP level 16. HP: 72/87 MP: 30/30
 22738 | D:15     | Found a frozen archway.
 22744 | IceCv    | Entered an ice cave
 22921 | IceCv    | Reached skill level 10 in Hexes
 22947 | IceCv    | Noticed a shard shrike
 22995 | IceCv    | Reached skill level 10 in Spellcasting
 23038 | IceCv    | Killed a shard shrike
 23713 | D:15     | Found a staircase to the Depths.
 23822 | D:15     | Found Acasib's Weapon Shoppe.
 23839 | D:15     | Reached skill level 1 in Summonings
 24388 | D:15     | Learned a level 4 spell: Fulminant Prism
 24448 | Orc:1    | Entered Level 1 of the Orcish Mines
 25238 | Orc:2    | Entered Level 2 of the Orcish Mines
 25238 | Orc:2    | Noticed Donald
 25238 | Orc:2    | Found a staircase to the Elven Halls.
 25240 | Orc:2    | Killed Donald
 25387 | Orc:2    | Found Karuill's Antique Weapon Shoppe.
 25398 | Orc:2    | Bought an ancient short sword for 200 gold pieces
 25398 | Orc:2    | Identified the +4 short sword of Virtue {freeze, rF+ Will+
                  | Str-4 Dex+3} (You bought it in a shop on level 2 of the
                  | Orcish Mines)
 25425 | Orc:2    | Found Beidimil's Antique Armour Boutique.
 25425 | Orc:2    | Found Dudad's Weapon Shoppe.
 25425 | Orc:2    | Found Joshry's Book Shoppe.
 25425 | Orc:2    | Found Asoeraesk's Armour Shop.
 25471 | Orc:2    | Reached XP level 17. HP: 91/91 MP: 34/34
 25851 | Orc:2    | Noticed Snorg
 25855 | Orc:2    | Killed Snorg
 26369 | Orc:2    | Bought a glowing cloak for 262 gold pieces
 26746 | Elf:1    | Entered Level 1 of the Elven Halls
 26798 | Elf:1    | Noticed Kirke
 26799 | Elf:1    | Killed Kirke
 26908 | Elf:1    | Found Daes's Magic Scroll Boutique.
 26908 | Elf:1    | Found Jasais's Armour Shop.
 26934 | Elf:1    | Bought a scroll of blinking for 112 gold pieces
 26934 | Elf:1    | Bought a scroll of acquirement for 780 gold pieces
 26935 | Elf:1    | Acquired the amulet of Hodustrets {rN+ Regen+ Dex+3}
 27271 | Elf:1    | Paralysed by an air elemental for 1 turns
 27277 | Elf:1    | Paralysed by an air elemental for 1 turns
 27403 | Elf:1    | Reached skill level 5 in Shields
 27468 | Elf:1    | Noticed Aizul
 27557 | Elf:1    | Killed Aizul
 28017 | Elf:2    | Paralysed by an air elemental for 1 turns
 28024 | Elf:2    | Paralysed by an air elemental for 1 turns
 28032 | Elf:2    | Paralysed by an air elemental for 1 turns
 28034 | Elf:2    | Paralysed by an air elemental for 1 turns
 28052 | Elf:2    | Paralysed by an air elemental for 1 turns
 28331 | Elf:2    | Cast into level 3 of the Abyss (+1 executioner's axe of
                  | distortion)
 28391 | Abyss:3  | Noticed an Executioner
 28393 | Abyss:3  | Killed an Executioner
 28479 | Abyss:3  | Noticed a profane servitor
 28523 | Abyss:3  | Noticed a tentacled starspawn
 28527 | Abyss:3  | Killed a tentacled starspawn
 28528 | Abyss:3  | Noticed a tentacled starspawn
 28530 | Abyss:3  | Killed a tentacled starspawn
 28540 | Elf:2    | Escaped the Abyss
 28888 | Elf:2    | HP: 4/86 [poisoned by a +1 glaive of venom]
 29021 | Elf:2    | Reached XP level 18. HP: 90/93 MP: 32/37
 29068 | Elf:2    | Found a runed translucent gate.
 29068 | Elf:2    | Found a runed translucent gate.
 29069 | Elf:2    | Found a runed translucent gate.
 29160 | Elf:2    | HP: 1/96 [+5 vorpal morningstar (4)]
 29160 | Elf:2    | Slain by a +5 vorpal morningstar

Illustrated notes

Levels and vault maps discovered:
D:1:      dpeg_arrival_another_circle, layout_basic,
          dreamdust_ecumenical_altar_sealed_demon, minivault_5,
          minmay_split_cup_small
D:2:      layout_basic
D:3:      layout_rooms, serial_shops, shop
D:4:      layout_basic
D:5:      layout_basic
D:6:      layout_basic, minmay_temple_entry_drinking_statues,
          ebering_dispersal_statue_hall, minmay_misc_feat_cross,
          kennysheep_boxes, uniq_maggie, uniq_menkaure, uniq_pikel
D:7:      nzn_winding_woodlands_three_and_one
          [nzn_winding_woodlands_5x15_zeroes,
          nzn_winding_woodlands_5x15_default,
          nzn_winding_woodlands_5x15_sidewinder,
          nzn_winding_woodlands_center_lodge], layout_loops_cross,
          grunt_tough_drop, uniq_joseph, uniq_prince_ribbit1
D:8:      kennysheep_steamy, layout_loops_ring, erik_lair_orcish_takeover
D:9:      layout_roguey [special_room_kobold], mainiacjoe_overflow_alcove_4
D:10:     layout_layer_cave, serial_shops, nicolae_take_the_stairs,
          kennysheep_small_circle
D:11:     layout_loops_ring
D:12:     layout_loops_cross, orc_0_dummy, serial_shops,
          nicolae_shop_bloodbath_and_beyond, uniq_urug, uniq_nessos
D:13:     minmay_the_grid_triangle_9x9_recursive_2_mashed
          [minmay_the_grid_triangle_9x9_prize_special,
          minmay_the_grid_triangle_9x9_alien,
          minmay_the_grid_triangle_9x9_shrine,
          minmay_the_grid_triangle_9x9_impossible_snake], layout_layer_cave,
          grunt_vaults_entry_tiered, uniq_erolcha
D:14:     layout_big_octagon, lightli_elemental_guards, uniq_josephine
D:15:     gammafunk_depths_entry_grave, layout_cave_pools, serial_park_square1
          [serial_park_minivault_5x5_5], special_room [special_room_bee],
          portal_ice_cave_entry_pillars_2, serial_shops, shop
Temple:   nicolae_temple_the_god_donut
Lair:1:   layout_loops_ring, serial_bayou_shore_b, grunt_megastairs_2,
          lemuel_fruit_fields
Lair:2:   layout_small_grid, elwin_shoals_entry_rocks
Lair:3:   layout_regular_city, spider_nest_entry_rubble,
          hellmonk_ghost_happy_afterlife, nzn_random_ring
Lair:4:   layout_misc_corridors
Lair:5:   layout_layer_cave
Lair:6:   evilmike_catoblepas_cave, layout_small_grid,
          nicolae_slime_entry_slimehenge, grunt_megastairs_4,
          infiniplex_staircase_pool
Orc:1:    layout_diamond_mine, mines2_david
Orc:2:    st_orc_ogre_mass, layout_diamond_mine, serial_shops,
          nicolae_shop_hallway_plus, uniq_donald, uniq_snorg
Elf:1:    minmay_elf_arrival_plus, layout_geoelf_grid, serial_glass,
          glass_columns_a, glass_columns_b, hangedman_elf_represent,
          hangedman_elf_targetted_burst, minmay_shoptagon, uniq_aizul,
          uniq_kirke
Elf:2:    elven_hall_of_blades_hangedman_original [nicolae_blade_tridents],
          layout_geoelf_diagonals

Skill      XL: |  1  2  3  4  5  6  7  8  9 10 11 12 13 14 15 16 17 |
---------------+----------------------------------------------------+-----
Short Blades   | 1 2 3 4 5 6 7 9 10 11 | 11.0
Fighting       | 1 2 3 4 5 6 7 8 9 10 11 | 11.2
Dodging        | 2 3 4 5 6 7 8 9 10 | 10.2
Stealth        | 4 5 6 8 9 11 12 14 15 16 | 16.6
Spellcasting   | 3 4 5 6 7 8 9 12 14 | 14.2
Hexes          | 4 5 6 7 8 9 12 14 | 14.4
Evocations     | 2 4 5 |  5.0
Throwing       | 1 2 4 |  4.1
Translocations | 2 |  2.0
Shields        | 4 6 |  6.1
Summonings     | 2 |  2.0

Action                   |  1- 3 |  4- 6 |  7- 9 | 10-12 | 13-15 | 16-18 || total
-------------------------+-------+-------+-------+-------+-------+-------++-------
Melee: Dagger            |    22 |       |       |   627 |  1571 |   955 ||  3175
       Bite              |    25 |    54 |   100 |   315 |   720 |   703 ||  1917
       Short sword       |    86 |   174 |   263 |   139 |       |   652 ||  1314
       Punch             |     2 |     2 |     3 |    13 |    37 |       ||    57
       Falchion          |       |       |       |       |       |    22 ||    22
Throw: Stone             |       |     6 |     1 |     2 |       |       ||     9
       Dart              |       |       |       |    10 |    49 |    21 ||    80
       Javelin           |       |       |       |       |     1 |       ||     1
 Cast: Ensorcelled Hiber |     4 |    20 |    14 |     2 |     2 |    14 ||    56
       Confusing Touch   |       |     4 |    11 |    98 |   142 |    65 ||   320
       Tukima's Dance    |       |       |     2 |     3 |       |       ||     5
       Dazzling Flash    |       |       |       |     1 |    17 |    13 ||    31
       Blink             |       |       |       |       |     1 |     2 ||     3
       Summon Mana Viper |       |       |       |       |       |    18 ||    18
Invok: Lunge             |       |       |    12 |    84 |    75 |    88 ||   259
       Whirlwind         |       |       |       |   146 |   327 |   310 ||   783
       Serpent's Lash    |       |       |       |     4 |     9 |    18 ||    31
       Heavenly Storm    |       |       |       |       |     1 |     2 ||     3
 Abil: Wall Jump         |       |       |       |    39 |    92 |    81 ||   212
Evoke: Wand              |       |     1 |       |       |       |     1 ||     2
  Use: Scroll            |     3 |     8 |     1 |     7 |    17 |     7 ||    43
       Potion            |       |       |       |     1 |     1 |     4 ||     6
 Stab: Sleeping          |    15 |    23 |    13 |    30 |    67 |    61 ||   209
       Distracted        |     1 |       |     1 |     8 |     7 |     9 ||    26
       Confused          |       |     1 |    16 |    82 |   139 |    75 ||   313
       Invisible         |       |       |       |       |    19 |    28 ||    47
Armor: Robe              |    15 |    17 |       |       |       |       ||    32
       Leather armour    |       |     2 |    66 |   149 |   167 |   100 ||   484
Dodge: Dodged            |    57 |    85 |   128 |   350 |   464 |   571 ||  1655
Block: Buckler           |       |       |       |       |       |   302 ||   302
       Reflection        |       |       |       |       |       |    16 ||    16
